 Dungeon Crawl Stone Soup version 0.29.0-10-g45618ea6d2 (webtiles) character file.

Game seed: 17716850449261354550

630 LustLizard the Magician (level 7, 0/45 HPs)
             Began as a Djinni Ice Elementalist on Sept 1, 2022.
             Slain by an ogre
             ... wielding a +0 giant spiked club
              (18 damage)
             ... on level 5 of the Dungeon.
             The game lasted 00:09:29 (6025 turns).

LustLizard the Magician (Djinni Ice Elementalist)   Turns: 6025, Time: 00:09:29

Health: 0/45       AC: 10    Str:  7    XL:     7   Next: 77%
Gold:   83         EV: 12    Int: 24    God:
                   SH:  0    Dex: 14

rFire   + + .      SeeInvis .   t - +9 spear "Obruos" {vamp, Will+}
rCold   x . .      Faith    .   (no shield)
rNeg    . . .      Spirit   .   a - +0 robe
rPois   ∞          Reflect  .   (no helmet)
rElec   .          Harm     .   q - +0 cloak {Stlth+}
rCorr   .          Rampage  .   (no gloves)
Will    +....                   (boots unavailable)
Stlth   +++.......              (no amulet)
HPRegen 0.15/turn               p - +6 ring of intelligence
MPRegen 0.00/turn               (no ring)

@: ice-armoured, freezing walls, flying
A: sickness immunity, fire resistance 2, cold vulnerability 1, float, innate
caster, HP casting, extra vitality 1
a: no special abilities


You were on level 5 of the Dungeon.
You visited 1 branch of the dungeon, and saw 5 of its levels.

You collected 169 gold pieces.
You spent 86 gold pieces at shops.

Inventory:

Hand Weapons
 f - a +0 club
 l - a +0 spear
 o - a +1 dagger of venom
 t - the +9 spear "Obruos" (weapon) {vamp, Will+}
   (You found it on level 4 of the Dungeon)

   It occasionally heals its wielder for a portion of the damage dealt when it
   wounds a living foe.
   Will:      It increases your willpower.
Missiles
 b - 2 poisoned darts
 c - 8 stones (quivered)
Armour
 a - a +0 robe (worn)
 e - a +0 leather armour
 q - a +0 cloak of stealth (worn)
Jewellery
 g - an amulet of faith
 p - a +6 ring of intelligence (left hand)
Scrolls
 d - 3 scrolls of immolation {unknown}
 h - 2 scrolls of blinking
 j - a scroll of teleportation {unknown}
 k - a scroll of poison {unknown}
 m - 2 scrolls of butterflies {unknown}
 y - a scroll of fear {unknown}
Potions
 i - a potion of haste
 n - 2 potions of lignification
 r - a potion of mutation
 s - 4 potions of heal wounds
 u - a potion of flight {unknown}
 v - 2 potions of degeneration
 w - a potion of brilliance {unknown}
 x - a potion of curing
 z - a potion of ambrosia {unknown}


   Skills:
 * Level 2.6 Polearms
 - Level 2.9 Throwing
 - Level 2.1 Dodging
 + Level 3.3 Stealth
 * Level 4.9 Spellcasting


You couldn't memorise any spells.
You knew the following spells:

 Your Spells              Type           Power      Damage    Failure   Level
a - Freeze                Ice            100%       1d11      1%          1
b - Frozen Ramparts       Ice            58%        1d9       3%          3
c - Ozocubu's Armour      Ice            29%        N/A       3%          3
d - Hailstorm             Conj/Ice       29%        3d8       12%         4
e - Summon Small Mammal   Summ           100%       N/A       1%          1
f - Poisonous Vapours     Pois/Air       58%        N/A       1%          2
g - Ignite Poison         Fire/Tmut/Pois 29%        N/A       3%          3
Your spell library was empty.

Dungeon Overview and Level Annotations

Branches:
Dungeon (5/15)
 Temple: D:4-7

Altars:
Dithmenos
Elyvilon
Gozag
Nemelex Xobeh
Uskayaw
Wu Jian

Shops:
D:3 [!*(:


Innate Abilities, Weirdness & Mutations

You are immune to sickness and miasma.
You are immune to poison.
Your flesh is very heat resistant. (rF++)
You are vulnerable to cold. (rC-)
You float through the air rather than walking.
You learn spells naturally, not from books.
Your magical power is your life essence.
You have superior vitality. (+4 MHP)


Message History

Your icy armour starts to melt.
Your icy armour evaporates.
z - a murky red potion
Things that are here:
a +0 hand axe; a +0 ring mail; an orc corpse You now have 65 gold pieces (gained 11).
You see here a ring of poison resistance.
c - 9 stones (gained 5)
Found a stone staircase leading up.
You feel clever.
p - a +6 ring of intelligence (left hand)
You now have enough gold to buy 2 potions of curing on D:3.
You can access your shopping list by pressing '$'.
You now have 83 gold pieces (gained 18).
An ogre comes into view. It is wielding a +0 giant spiked club.
Found a club.
The ogre shouts!
Casting: Frozen Ramparts (dangerous; 3% risk of failure)
Confirm with . or Enter, or press ? or * to list all spells.
Casting: Frozen Ramparts (dangerous; 3% risk of failure)
Press: ? - help, Dir - look around, f - activate The walls around you are covered in ice.
Casting: Frozen Ramparts (dangerous; 3% risk of failure)
Confirm with . or Enter, or press ? or * to list all spells.
A film of ice covers your body!
You throw a stone.
The stone hits the ogre but does no damage.
You reach to attack!
You hit the ogre but do no damage.
The wall freezes the ogre!
You hit the ogre but do no damage.
The ogre is moderately wounded.
The wall freezes the ogre.
The ogre hits you with a +0 giant spiked club!!
Ouch! That really hurt!
You are too injured to fight recklessly!
You hit the ogre.
You feel better.
The ogre is severely wounded.
The wall freezes the ogre!
The ogre hits you with a +0 giant spiked club!!
You die...

#...........
..............
........#......
.########......
#)# #...... ##..
######...... #..
#.......###. #O#
#.......# #.
#@#####.......#...
##................
######.......####
#......<#
#.......#
#.......#
#.......#
#########


You could see an ogre.

Vanquished Creatures
  2 ogres
  A necrophage (D:4)
  2 jellies (D:5)
  A hound (D:5)
  Crazy Yiuf (D:3)
  4 iguanas
  An orc wizard (D:5)
  9 adders
  3 dart slugs (D:2)
  8 orcs
  10 ball pythons
  4 bats
  7 endoplasms
  2 giant cockroaches (D:3)
  8 goblins
  7 hobgoblins
  3 jackals (D:4)
  3 quokkas
  5 kobolds
  A rat (D:1)
82 creatures vanquished.

Vanquished Creatures (others)
  A human (D:3)
1 creature vanquished.

Grand Total: 83 creatures vanquished

Notes
Turn   | Place    | Note
-------+----------+-------------------------------------------
     0 | D:1      | LustLizard the Djinni Ice Elementalist began the quest for
                  | the Orb.
     0 | D:1      | LustLizard set off with the following spells memorised:
                  | Freeze, Frozen Ramparts, Ozocubu's Armour, Hailstorm.
     0 | D:1      | Reached XP level 1. HP: 15/15 MP: 0/0
   176 | D:1      | Found a faded altar of an unknown god.
   799 | D:1      | Reached XP level 2. HP: 20/21 MP: 0/0
  1313 | D:2      | Reached skill level 1 in Throwing
  1313 | D:2      | Reached XP level 3. HP: 22/25 MP: 0/0
  1313 | D:2      | Learned a level 1 spell: Summon Small Mammal
  2443 | D:2      | Reached XP level 4. HP: 12/31 MP: 0/0
  3151 | D:3      | Found a runed translucent door.
  3152 | D:3      | Noticed Crazy Yiuf
  3159 | D:3      | Killed Crazy Yiuf
  3257 | D:3      | Found Heryghau's General Store.
  3263 | D:3      | Bought a scroll of identify for 26 gold pieces
  3338 | D:3      | Found Xuam Nyone's Book Shoppe.
  3354 | D:3      | Reached XP level 5. HP: 32/35 MP: 0/0
  3354 | D:3      | Learned a level 2 spell: Poisonous Vapours
  3541 | D:3      | Reached skill level 4 in Spellcasting
  3718 | D:3      | Found a sparkling altar of Nemelex Xobeh.
  4144 | D:3      | Found an ornate altar of the Wu Jian Council.
  4239 | D:3      | Found Rionn's Weapon Emporium.
  4262 | D:3      | Noticed a human
  4263 | D:3      | Killed a human
  4264 | D:3      | Found an opulent altar of Gozag.
  4265 | D:3      | Found a white marble altar of Elyvilon.
  4277 | D:3      | Found a hide-covered altar of Uskayaw.
  4335 | D:3      | Found Ceonlyl's Distillery.
  4337 | D:3      | Found Codd's Armour Shop.
  4340 | D:3      | Bought a potion of heal wounds for 60 gold pieces
  4717 | D:4      | Identified the +9 spear "Obruos" {vamp, Will+}
  4805 | D:4      | Found a shadowy altar of Dithmenos.
  4815 | D:4      | Reached XP level 6. HP: 40/40 MP: 0/0
  5045 | D:4      | Reached skill level 1 in Polearms
  5184 | D:4      | Noticed an ogre
  5190 | D:4      | Killed an ogre
  5191 | D:4      | Reached XP level 7. HP: 45/45 MP: 0/0
  5191 | D:4      | Learned a level 3 spell: Ignite Poison
  5623 | D:5      | Entered Level 5 of the Dungeon
  6025 | D:5      | Slain by an ogre

Illustrated notes

Levels and vault maps discovered:
D:1:      ncdulo_lavacross, layout_basic, shapermc_ecumenical_altar_totnotflames
D:2:      layout_basic
D:3:      layout_loops_corners, nzn_wu_jian_council_hall, tgw_kikubaaqudgha,
          mainiacjoe_overflow_alcove_1, nicolae_overflow_hidden_temple,
          serial_shops, nicolae_shop_statue_plus, shop_statue,
          nicolae_shop_bloodbath_and_beyond, shop, nicolae_shop_trees,
          uniq_crazy_yiuf_cottage
D:4:      layout_loops_ring, nicolae_dithmenos_shadow_blocks
D:5:      minmay_octagon_keep, layout_rooms, mainiacjoe_overflow_brackets

Skill      XL: |  1  2  3  4  5  6  7 |
---------------+----------------------+-----
Throwing       | 1 2 |  2.9
Stealth        | 2 3 |  3.3
Spellcasting   | 4 |  4.9
Polearms       | 1 2 |  2.6
Dodging        | |  2.1

Action                   |  1- 3 |  4- 6 |  7- 9 || total
-------------------------+-------+-------+-------++-------
Melee: Club              |    59 |       |       ||    59
       Punch             |     1 |       |       ||     1
       Spear             |       |    39 |    43 ||    82
       Dagger            |       |    58 |       ||    58
Throw: Stone             |    17 |    17 |    10 ||    44
       Dart              |     1 |     2 |       ||     3
 Cast: Freeze            |    23 |     9 |     1 ||    33
       Frozen Ramparts   |       |     7 |     6 ||    13
       Ozocubu's Armour  |       |     1 |     3 ||     4
       Summon Small Mamm |       |     1 |       ||     1
       Poisonous Vapours |       |       |     2 ||     2
  Use: Scroll            |       |     4 |     1 ||     5
 Stab: Sleeping          |       |    11 |     7 ||    18
       Distracted        |       |     2 |       ||     2
Armor: Robe              |    15 |    13 |     7 ||    35
Dodge: Dodged            |    49 |    46 |     9 ||   104
